 Seeded DCSS version 0.29-a0-1027-gcd8c55af63 (webtiles) character file.

Game seed: 20220813 (custom seed)

42 purpskrrrp the Cudgeller (level 3, -4/19 HPs)
             Began as a Vine Stalker Berserker on Aug 12, 2022.
             Was a Believer of Trog.
             Slain by a gnoll
             ... wielding a +3 vampiric spear
              (6 damage)
             ... on level 2 of the Dungeon.
             The game lasted 00:02:29 (2137 turns).

purpskrrrp the Cudgeller (Vine Stalker Berserker)   Turns: 2137, Time: 00:02:30

Health: -4/19      AC:  3    Str: 21    XL:     3   Next: 56%
Magic:  0/4        EV: 12    Int: 13    God:    Trog [**....]
Gold:   117        SH:  0    Dex: 13    Spells: 2/2 levels left

rFire   . . .      SeeInvis .   a - +0 mace
rCold   . . .      Faith    .   (no shield)
rNeg    . . .      Spirit   +   b - +0 animal skin
rPois   .          Reflect  .   i - +0 helmet
rElec   .          Harm     .   (no cloak)
rCorr   .          Rampage  .   (no gloves)
Will    .....                   (no boots)
Stlth   +.........              (no amulet)
HPRegen 0.06/turn               l - +6 ring of intelligence
MPRegen 0.09/turn               (no ring)

@: no status effects
A: fangs 2, magic shield, antimagic bite, no potion heal 2
a: Renounce Religion, Berserk, Trog's Hand


You were on level 2 of the Dungeon.
You worshipped Trog.
Trog was pleased with you.
You visited 1 branch of the dungeon, and saw 2 of its levels.

You collected 117 gold pieces.

Inventory:

Hand Weapons
 a - a +0 mace (weapon)
Armour
 b - a +0 animal skin (worn)
 i - a +0 helmet (worn)
Jewellery
 l - a +6 ring of intelligence (left hand)
 n - an amulet of reflection
Wands
 r - a wand of polymorph (4)
Scrolls
 c - a scroll of identify {unknown}
 e - a scroll of blinking {unknown}
 f - a scroll of noise {unknown}
 g - 2 scrolls of teleportation {unknown}
 m - a scroll of immolation {unknown}
 o - a scroll of fear {unknown}
 q - a scroll of brand weapon {unknown}
 s - 2 scrolls of vulnerability {unknown}
Potions
 d - a potion of flight {unknown}
 h - a potion of degeneration {unknown}
 j - a potion of heal wounds {unknown}
 k - 2 potions of curing {unknown}
 p - a potion of cancellation {unknown}
 t - a potion of might {unknown}


   Skills:
 - Level 2.7 Fighting
 + Level 3.9 Maces & Flails
 - Level 1.6 Armour
 - Level 1.6 Dodging


You had 2 spell levels left.
You didn't know any spells.
Your spell library was empty.

Dungeon Overview and Level Annotations

Branches:
Dungeon (2/15)

Altars:


Innate Abilities, Weirdness & Mutations

You have extremely sharp teeth.
When hurt, damage is shared between your health and your magic reserves.
Your bite disrupts and absorbs the magic of your enemies.
Potions cannot restore your health.


Message History

You open the door.
There is an open door here.
You open the door. 3 gnolls come into view.
The gnoll shouts! x2; You hear a shout!
The gnoll shouts!
A gnoll comes into view. It is wielding a +3 vampiric spear.
The gnoll moves out of view.
Found a scroll labelled XUUBEN XAEVVITIETI and a scroll labelled ILUIHEOBBU.
The gnoll closely misses you.
The gnoll hits you from afar with a +3 vampiric spear.
There is an open door here.
You hit the gnoll.
The gnoll is heavily wounded.
The gnoll barely misses you.
The gnoll hits you from afar with a +3 vampiric spear.
You sock the gnoll!
You kill the gnoll!
Trog accepts your kill. The gnoll misses you.
The gnoll hits you from afar with a +3 vampiric spear.
Found a pair of boots.
The gnoll hits you with a +0 spear. The gnoll barely misses you.
The gnoll hits you with a +0 whip.
Things that are here:
a +0 spear; a gnoll corpse You are too injured to fight recklessly!
You are too injured to fight recklessly!
You are too injured to fight recklessly!
You are too injured to fight recklessly!
You are too injured to fight recklessly!
You are too injured to fight recklessly!
You hit the gnoll.
The gnoll is lightly wounded.
The gnoll misses you. The gnoll hits you with a +0 whip.
* * * LOW HITPOINT WARNING * * *
The gnoll barely misses you.
You hit the gnoll but do no damage. You bite the gnoll. You drain its power.
You feel invigorated.
The gnoll is lightly wounded.
The gnoll hits you with a +3 vampiric spear!
You die...

#.....# #.#..# #.....#
#.#..# #.....# #.#...
#.....# #########
#.##.# ###'#######
#........ #....# #.#
#...# #........ ######
#.###...######..?.....
#...'...'....'?g......
#####...######@......[
#...# #gg...... #...#
#........ #...#
#........ #####
#........ #########


You could see 3 gnolls.

Vanquished Creatures
  A gnoll (D:2)
  4 ball pythons
  7 endoplasms (D:1)
  2 goblins (D:1)
  2 hobgoblins (D:1)
  3 jackals (D:2)
  3 quokkas
  A bat (D:1)
  A frilled lizard (D:2)
  2 kobolds
  3 rats
29 creatures vanquished.

Notes
Turn   | Place    | Note
-------+----------+-------------------------------------------
     0 | D:1      | purpskrrrp the Vine Stalker Berserker began the quest for
                  | the Orb.
     0 | D:1      | Reached XP level 1. HP: 11/11 MP: 2/2
     6 | D:1      | Noticed a polar bear
     6 | D:1      | Noticed a salamander
     7 | D:1      | Noticed a rime drake
   200 | D:1      | Reached XP level 2. HP: 1/16 MP: 0/3
   509 | D:1      | Reached skill level 3 in Maces & Flails
  1130 | D:1      | Reached XP level 3. HP: 17/19 MP: 4/4
  1722 | D:2      | Reached ** piety under Trog
  2137 | D:2      | Slain by a gnoll

Illustrated notes

Levels and vault maps discovered:
D:1:      onia_arrival_zoo_common, layout_basic
D:2:      layout_basic

Skill      XL: |  1  2 |
---------------+-------+-----
Maces & Flails | 3 |  3.9
Fighting       | |  2.7
Armour         | |  1.6
Dodging        | |  1.6

Action                   || total
-------------------------++-------
Melee: Mace              ||    61
       Bite              ||    16
 Stab: Sleeping          ||     2
Armor: Animal skin       ||    12
Dodge: Dodged            ||    37

Table legend: (Time is in decaauts)
 A = Elapsed time spent in this place.
 B = Non-inter-level travel time spent in this place.
 C = Inter-level travel time spent in this place.
 D = Time resting spent in this place.
 E = Time spent auto-exploring this place.
 F = Levels seen in this place.
 G = Mean time per level.
                   A        B        C        D        E       F      G
               +--------+--------+--------+--------+--------+-----+--------+
         Total |   2150 |   2117 |     33 |    289 |   1619 |   2 | 1075.0 |
       Dungeon |   2150 |   2117 |     33 |    289 |   1619 |   2 | 1075.0 |
               +--------+--------+--------+--------+--------+-----+--------+

Top non-repeatable levels by time:
     D:1: 1380 daAuts
     D:2: 770 daAuts
